 Dungeon Crawl Stone Soup version 0.17-a0-1691-g18a3847 (webtiles) character file.

105 karlkraus the Skirmisher (level 4, 0/41 HPs)
             Began as a Minotaur Fighter on Aug 20, 2015.
             Succumbed to an adder's poison
             ... on level 3 of the Dungeon.
             The game lasted 00:04:47 (1546 turns).

karlkraus the Skirmisher (Minotaur Fighter)         Turns: 1546, Time: 00:04:48

Health: 0/41       AC:  9    Str: 20    XL:     4   Next: 54%
Magic:  2/2        EV:  8    Int: 10    God:
Gold:   196        SH:  9    Dex: 11    Spells: 0 memorised, 3 levels left

rFire  . . .     SeeInvis .     a - +0 flail
rCold  . . .     Clarity  .     b - +0 scale mail
rNeg   . . .     SustAt   .     c - +0 shield
rPois  .         Gourm    .     (helmet restricted)
rElec  .         Spirit   .     h - +0 cloak
rCorr  .         Warding  .     (no gloves)
rMut   .         Rnd*Tele +     f - +0 pair of boots
MR     .....                    (no amulet)
Stlth  ..........               (no ring)
                                (no ring)

@: brilliant, lethally poisoned (0 -> -24), not resistant to hostile
enchantments, extremely unstealthy
A: retaliatory headbutt, horns 2, low mp 1, teleportitis 1, MP-powered wands
a: no special abilities


You were on level 3 of the Dungeon.
You were not hungry.

You visited 1 branch of the dungeon, and saw 3 of its levels.

You collected 196 gold pieces.

Inventory:

Hand weapons
 a - a +0 flail (weapon)
Armour
 b - a +0 scale mail (worn)
 c - a +0 shield (worn)
 f - a +0 pair of boots (worn)
 h - a +0 cloak (worn)
Scrolls
 g - a scroll of identify {unknown}
 m - 2 scrolls of remove curse {unknown}
 n - a scroll of random uselessness {unknown}
 p - a scroll of immolation {unknown}
Potions
 d - 2 potions of might
 i - a potion of mutation
 j - a potion of brilliance
 l - a potion of flight {unknown}
 o - 2 potions of poison
 q - a potion of magic {unknown}
 r - a potion of curing {unknown}
Comestibles
 e - 3 bread rations
 k - a beef jerky


   Skills:
 + Level 4.6 Fighting
 + Level 3.0 Maces & Flails
 + Level 4.3 Armour
 + Level 1.5 Dodging
 + Level 4.4 Shields


You had 3 spell levels left.
You didn't know any spells.

Dungeon Overview and Level Annotations

Branches:
Dungeon (3/15)

Altars:
Dithmenos
Elyvilon
Fedhas
Okawaru
Zin


Innate Abilities, Weirdness & Mutations

You reflexively headbutt those who attack you in melee.
You have a pair of horns on your head.
Your magical capacity is low (-10% MP).
You are occasionally teleported to nearby monsters.
You expend magic power (3 MP) to strengthen your wands.


Message History

You feel sick. The adder bites you but does no damage.
Drink which item? (? for menu, Esc to quit)
It was a potion of poison.
That liquid tasted very nasty...
You are lethally poisoned!
* * * LOW HITPOINT WARNING * * *
You feel sick. The adder barely misses you.
Something unseen opens the door.
Drink which item? (? for menu, Esc to quit)
It was a potion of mutation.
You feel extremely strange.
You feel weirdly uncertain.
You feel less energetic.
You feel your magical essence link to your wands.
* * * LOW HITPOINT WARNING * * *
You feel sick. You block the adder's attack. The adder bites you.
* * * LOW HITPOINT WARNING * * *
You are more poisoned.
The adder poisons you!
Drink which item? (? for menu, Esc to quit)
It was a potion of brilliance.
You feel clever all of a sudden.
You die...

.######.###.#.........
#....(.##...†.......
#......##...........
#..o....#...........
#.....#.#......†....
##o#so#.#...........
#.#o##†#...........
#.#S##.............
#.@S##.............
#######..##########
#.#######.....>..#
#................#
#########..†......#
#..<..# #.#####.###
#.#.#.# #.#####.#
#.#.#.###.....#.#
######=#.#...#####.#.#


You could see 2 adders, 3 orcs and a giant cockroach.

Vanquished Creatures
  An adder (D:2)
  3 oozes (D:2)
  4 worms
  3 giant geckos
  2 orcs (D:3)
  4 giant cockroaches
  8 hobgoblins
  5 jackals
  11 bats
  4 giant newts
  7 goblins
  5 kobolds
  A quokka (D:2)
  5 rats
63 creatures vanquished.

Notes
Turn   | Place    | Note
--------------------------------------------------------------
     0 | D:1      | karlkraus the Minotaur Fighter began the quest for the Orb.
     0 | D:1      | Reached XP level 1. HP: 19/19 MP: 0/0
    67 | D:1      | Reached skill level 4 in Armour
    79 | D:1      | Reached XP level 2. HP: 17/27 MP: 1/1
   547 | D:1      | Reached XP level 3. HP: 28/33 MP: 2/2
   835 | D:2      | Found an iron altar of Okawaru.
   919 | D:2      | Reached XP level 4. HP: 33/41 MP: 3/3
  1118 | D:2      | Found a glowing silver altar of Zin.
  1121 | D:2      | Found a white marble altar of Elyvilon.
  1124 | D:2      | Reached skill level 1 in Dodging
  1136 | D:2      | Found a blossoming altar of Fedhas.
  1139 | D:2      | Found a shadowy altar of Dithmenos.
  1545 | D:3      | Gained mutation: You are occasionally teleported to nearby monsters. [potion of mutation]
  1545 | D:3      | Gained mutation: Your magical capacity is low (-10% MP). [potion of mutation]
  1545 | D:3      | Gained mutation: You expend magic power (3 MP) to strengthen your wands. [potion of mutation]
  1545 | D:3      | HP: 2/41 [adder (2)]
  1546 | D:3      | Succumbed to an adder's poison

Vault maps used:
D:1:      lemuel_arrival_lava_pool
D:2:      grunt_temple_overflow_cloverleaf, nicolae_overflow_hidden_temple,
          first_bread, serial_bayou_pond_e, okawaru_gym_becter
D:3:      corexii_shack_village, nemelex_deck, dk_vineyard_2, uniq_sigmund

Action                   |  1- 3 |  4- 6 || total
-------------------------+-------+-------++-------
Melee: Flail             |   120 |    54 ||   174
  Use: Potion            |       |     3 ||     3
  Eat: Chunk             |       |     2 ||     2
